 Dungeon Crawl Stone Soup version 0.28-a0-1518-gbe868bca14 (webtiles) character file.

Game seed: 5051323782618277919

2004 knot the Cleaver (level 9, 63/63 HPs)
             Began as a Demonspawn Berserker on Jan 16, 2022.
             Was an Elder of Trog.
             Quit the game on level 6 of the Dungeon on Jan 17, 2022.
             The game lasted 00:07:36 (5532 turns).

knot the Cleaver (Demonspawn Berserker)             Turns: 5532, Time: 00:07:37

Health: 63/63      AC:  5    Str: 22    XL:     9   Next: 2%
Magic:  9/9        EV: 12    Int:  9    God:    Trog [****..]
Gold:   201        SH:  0    Dex: 16    Spells: 8/8 levels left

rFire   . . .      SeeInvis .   n - +9 mace of the Hidden Priests {vamp, Str+5 Int-5 Dex+4}
rCold   . . .      Faith    .   (no shield)
rNeg    + . .      Spirit   .   B - +1 robe "Abyal" {rN+ Slay+3}
rPois   .          Reflect  .   (helmet restricted)
rElec   .          Harm     .   o - +0 cloak
rCorr   .          Rampage  .   q - +0 pair of gloves
Will    .....                   (no boots)
Stlth   +.........              (no amulet)
HPRegen 1.20/turn               (no ring)
MPRegen 0.11/turn               (no ring)

@: no status effects
A: horns 2, demonic guardian 1, powered by death 2
a: Renounce Religion, Berserk, Trog's Hand, Brothers in Arms


You were on level 6 of the Dungeon.
You worshipped Trog.
Trog was greatly pleased with you.
You visited 1 branch of the dungeon, and saw 6 of its levels.

You collected 333 gold pieces.
You spent 132 gold pieces at shops.

Inventory:

Hand Weapons
 a - a +0 hand axe
 n - the +9 mace of the Hidden Priests (weapon) {vamp, Str+5 Int-5 Dex+4}
   (You found it on level 2 of the Dungeon)

   It occasionally heals its wielder for a portion of the damage dealt when it
   wounds a living foe.
   Str:       It affects your strength (+5).
   Int:       It affects your intelligence (-5).
   Dex:       It affects your dexterity (+4).
Missiles
 c - 12 boomerangs of dispersal
 p - 8 boomerangs (quivered)
 r - 72 stones
 s - a curare-tipped dart
 A - 5 poisoned darts
 C - 37 sling bullets
 D - 2 atropa-tipped darts
Armour
 f - a +0 ring mail
 o - a +0 cloak (worn)
 q - a +0 pair of gloves (worn)
 B - the +1 robe "Abyal" (worn) {rN+ Slay+3}
   (You found it on level 5 of the Dungeon)

   Slay:      It affects your accuracy & damage with ranged weapons and melee
   (+3).
   rN:        It protects you from negative energy.
Jewellery
 v - a +6 ring of intelligence
 E - an amulet of regeneration
Wands
 z - a wand of iceblast (8)
Scrolls
 b - 3 scrolls of teleportation
 d - a scroll of torment
 h - 2 scrolls of vulnerability
 j - 2 scrolls of enchant armour
 m - 2 scrolls of amnesia
 y - a scroll of blinking
 F - a scroll of fog
Potions
 g - 2 potions of flight {unknown}
 i - a potion of brilliance {unknown}
 k - a potion of invisibility {unknown}
 l - a potion of resistance {unknown}
 u - a potion of lignification {unknown}
 w - 3 potions of curing
 x - 2 potions of haste {unknown}
 G - a potion of cancellation


   Skills:
 - Level 3.0 Fighting
 * Level 9.0 Axes
 * Level 6.5 Throwing
 - Level 1.7 Armour
 - Level 1.7 Dodging


You had 8 spell levels left.
You didn't know any spells.
Your spell library contained the following spells:

 Spells                   Type           Power      Damage    Failure   Level
 Sandblast                Erth           0%         2d4       38%         1
 Corpse Rot               Necr/Air       0%         N/A       52%         2
 Passwall                 Tmut/Erth      0%         N/A       52%         2
 Stone Arrow              Conj/Erth      0%         3d7       77%         3
 Dispel Undead            Necr           0%         3d6       99%         4
 Death Channel            Necr           0%         N/A       100%        6


Dungeon Overview and Level Annotations

Branches:
Dungeon (6/15)
 Temple: D:4-7

Altars:
Wu Jian
Xom

Shops:
D:6 !


Innate Abilities, Weirdness & Mutations

You have a pair of horns on your head.
A weak demonic guardian rushes to your aid.
You regenerate health from kills.


Message History

You sock the jelly!
You feel better.
You kill the jelly!
Trog accepts your kill.
You start resting.
You are no longer corroded.
You start resting.
HP restored.
You see here a +0 whip.
A necrophage comes into view.
The necrophage moves out of view.
The necrophage closely misses you.
You hit the necrophage but do no damage.
Your headbutt misses the necrophage. The necrophage completely misses you.
You thump the necrophage!
You headbutt the necrophage, but do no damage.
The necrophage is heavily damaged.
The necrophage hits you.
You hit the necrophage. You headbutt the necrophage.
The necrophage is severely damaged.
The necrophage hits you but does no damage.
You sock the necrophage!
You destroy the necrophage!
Trog accepts your kill.
You can now call in reinforcements.
No target in view!
A phantom comes into view.
A phantom is nearby!
You sock the phantom!
The phantom is moderately damaged.
The phantom closely misses you.
You sock the phantom! You headbutt the phantom.
You destroy the phantom!
Trog accepts your kill.
Your Axes skill increases to level 9!
You have reached level 9!
Your experience leads to an increase in your attributes!
Your base attributes are Str 17, Int 12, Dex 12.
Increase (S)trength, (I)ntelligence, or (D)exterity?
You feel clever. x2; Your demonic ancestry asserts itself...
You feel the presence of a demonic guardian.
Are you sure you want to abandon this character and quit the game? (Confirm with "yes".)

..... ######...##
#.........#
#.........#
#.........#..
.......... ###
#..†.##.. ...
#....##..# ###
#@#..##..##
#.#.......###
#.#.###.....######
..#.###.#.#.......
.##..##.#.......##
#. ##.##.#.....#.#
#.#
#......#...#.##
#.#
#).#.####......
##.# #..#.#
###....


There were no monsters in sight!

Vanquished Creatures
  Edmund (D:5)
  3 water moccasins (D:6)
  A sky beast (D:6)
  A black bear (D:4)
  2 necrophages (D:6)
  2 ogres
  3 phantoms
  A kobold brigand (D:3)
  A scorpion (D:5)
  A water moccasin zombie (D:5)
  2 water moccasin skeletons
  A bullfrog zombie (D:5)
  2 jellies
  2 hounds
  2 iguanas
  2 orc wizards (D:4)
  A killer bee zombie (D:6)
  A hound zombie (D:5)
  A hound skeleton (D:4)
  8 gnolls (D:4)
  9 adders
  An adder skeleton (D:4)
  4 worms
  3 dart slugs
  5 orcs
  11 endoplasms
  2 giant cockroaches
  7 goblins
  6 hobgoblins
  7 jackals
  10 kobolds
  3 quokkas
  10 ball pythons
  7 bats
  3 frilled lizards
  8 rats
134 creatures vanquished.

Vanquished Creatures (others)
  An endoplasm (D:4)
  5 plants
6 creatures vanquished.

Grand Total: 140 creatures vanquished

Notes
Turn   | Place    | Note
-------+----------+-------------------------------------------
     0 | D:1      | knot the Demonspawn Berserker began the quest for the Orb.
     0 | D:1      | Reached XP level 1. HP: 18/18 MP: 1/1
   126 | D:1      | Reached skill level 3 in Axes
   128 | D:1      | Gained mutation: You regenerate a little health from kills.
                  | [demonic ancestry]
   128 | D:1      | Reached XP level 2. HP: 24/24 MP: 2/2
   640 | D:1      | Found a faded altar of an unknown god.
   996 | D:2      | Reached XP level 3. HP: 28/29 MP: 3/3
  1262 | D:2      | Reached skill level 4 in Axes
  1542 | D:2      | Reached ** piety under Trog
  2132 | D:2      | Gained mutation: You have a pair of small horns on your
                  | head. [demonic ancestry]
  2132 | D:2      | Reached XP level 4. HP: 35/35 MP: 4/4
  2181 | D:2      | Identified the +9 mace of the Hidden Priests {vamp, Str+5
                  | Int-5 Dex+4}
  2213 | D:2      | Reached skill level 5 in Axes
  2850 | D:3      | Gained mutation: You regenerate health from kills. [demonic
                  | ancestry]
  2850 | D:3      | Reached XP level 5. HP: 41/41 MP: 5/5
  3104 | D:3      | Found an ornate altar of the Wu Jian Council.
  3228 | D:4      | Reached skill level 6 in Axes
  3315 | D:4      | Found a shimmering altar of Xom.
  3315 | D:4      | Noticed an ogre
  3316 | D:4      | Noticed a phantom
  3321 | D:4      | Reached skill level 1 in Throwing
  3327 | D:4      | Killed a phantom
  3328 | D:4      | Reached XP level 6. HP: 47/47 MP: 6/6
  3485 | D:4      | Gained mutation: You have a pair of horns on your head.
                  | [demonic ancestry]
  3485 | D:4      | Reached XP level 7. HP: 43/52 MP: 7/7
  3595 | D:4      | You fall into a shaft and drop 1 floor!
  3595 | D:5      | Entered Level 5 of the Dungeon
  3621 | D:5      | Reached *** piety under Trog
  3678 | D:4      | Reached skill level 7 in Axes
  4334 | D:5      | Reached XP level 8. HP: 32/58 MP: 8/8
  4623 | D:5      | Identified the +1 robe "Abyal" {rN+ Slay+3}
  4713 | D:5      | Noticed Edmund
  4720 | D:5      | Killed Edmund
  4929 | D:5      | Reached skill level 5 in Throwing
  5093 | D:6      | Reached skill level 8 in Axes
  5196 | D:6      | Found Dewuwn's Distillery.
  5215 | D:6      | Bought a potion of curing for 33 gold pieces
  5215 | D:6      | Bought a potion of cancellation for 88 gold pieces
  5215 | D:6      | Bought a potion of degeneration for 11 gold pieces
  5516 | D:6      | Reached **** piety under Trog
  5532 | D:6      | Reached skill level 9 in Axes
  5532 | D:6      | Gained mutation: A weak demonic guardian rushes to your
                  | aid. [demonic ancestry]
  5532 | D:6      | Reached XP level 9. HP: 63/63 MP: 9/9
  5532 | D:6      | Quit the game

Illustrated notes

Levels and vault maps discovered:
D:1:      evilmike_arrival_crescent, layout_rooms,
          chequers_ecumenical_altar_simple_redux, chequers_avenue,
          chequers_serial_rivers_small_a, serial_bayou_pond_d, minmay_distorted
D:2:      layout_basic, serial_bayou, serial_bayou_ford_a,
          serial_bayou_lagoon_b, serial_bayou_shore_b, serial_bayou_shore_b,
          serial_bayou_pond_a, serial_bayou_pond_e
D:3:      layout_basic, nicolae_wu_jian_immortal_techniques,
          kennysheep_generic_room_3
D:4:      minmay_general_purpose_star, layout_loops_ring, xom_confusion_cloud
D:5:      layout_loops_cross, uniq_edmund
D:6:      layout_rooms, serial_shops, shop, minmay_unpleasant_kobolds

Skill      XL: |  1  2  3  4  5  6  7  8 |
---------------+-------------------------+-----
Axes           | 3 4 5 6 7 9 |  9.0
Throwing       | 1 2 4 6 |  6.5
Fighting       | |  3.0
Armour         | |  1.7
Dodging        | |  1.7

Action                   |  1- 3 |  4- 6 |  7- 9 || total
-------------------------+-------+-------+-------++-------
Melee: Hand axe          |   109 |       |       ||   109
       Mace              |       |    93 |   124 ||   217
       Headbutt          |       |    12 |    21 ||    33
Throw: Boomerang         |       |    13 |    11 ||    24
Invok: Berserk           |     4 |     1 |       ||     5
       Trog's Hand       |       |     2 |       ||     2
  Use: Scroll            |       |       |     8 ||     8
 Stab: Sleeping          |     2 |       |     2 ||     4
       Distracted        |       |     1 |       ||     1
Armor: Animal skin       |    12 |       |       ||    12
       Ring mail         |    22 |    34 |    27 ||    83
       Robe              |       |       |    10 ||    10
Dodge: Dodged            |    87 |    37 |    70 ||   194

Table legend: (Time is in decaauts)
 A = Elapsed time spent in this place.
 B = Non-inter-level travel time spent in this place.
 C = Inter-level travel time spent in this place.
 D = Time resting spent in this place.
 E = Time spent auto-exploring this place.
 F = Levels seen in this place.
 G = Mean time per level.
                   A        B        C        D        E       F      G
               +--------+--------+--------+--------+--------+-----+--------+
         Total |   5688 |   5411 |    277 |   1165 |   3349 |   6 |  948.0 |
       Dungeon |   5688 |   5411 |    277 |   1165 |   3349 |   6 |  948.0 |
               +--------+--------+--------+--------+--------+-----+--------+

Top non-repeatable levels by time:
     D:2: 1668 daAuts
     D:5: 1011 daAuts
     D:1: 997 daAuts
     D:4: 910 daAuts
     D:3: 652 daAuts
     D:6: 449 daAuts
